 Dungeon Crawl Stone Soup version 0.28.0-43-g3370ac3207 (webtiles) character file.

Game seed: 3578236537308322482

10663 adizb the Cleaver (level 11, -13/101 HPs)
             Began as a Hill Orc Fighter on Mar 12, 2022.
             Was a Believer of Beogh.
             Hit by a large rock thrown by a stone giant (33 damage)
             ... on level 9 of the Dungeon.
             The game lasted 00:56:08 (9634 turns).

adizb the Cleaver (Hill Orc Fighter)                Turns: 9634, Time: 00:56:08

Health: -13/101    AC: 27    Str: 20 (24) XL:     11   Next: 65%
Magic:  0/16       EV: 12    Int:  8      God:    Beogh [**....]
Gold:   259        SH:  6    Dex: 10      Spells: 10/10 levels left

rFire   + . .      SeeInvis .   a - +1 war axe (protect)
rCold   . . .      Faith    .   c - +0 buckler
rNeg    . . .      Spirit   +   N - +2 chain mail {rF+}
rPois   .          Reflect  .   (helmet restricted)
rElec   .          Harm     .   I - scarf {+Inv}
rCorr   +          Rampage  ∞   Q - +0 pair of gloves
Will    .....                   l - +3 pair of seven-league boots {Rampage+∞}
Stlth   ..........              m - amulet of guardian spirit
HPRegen 0.26/turn               w - +4 ring of evasion
MPRegen 0.15/turn               R - ring of resist corrosion

@: under a protective aura, studying Armour
A: antennae 1, deterioration 1
a: Renounce Religion, Evoke Invisibility, Smiting


You were on level 9 of the Dungeon.
You worshipped Beogh.
Beogh was pleased with you.
You visited 2 branches of the dungeon, and saw 11 of its levels.
You also visited: Sewer.

You collected 623 gold pieces.
You spent 364 gold pieces at shops.

Inventory:

Hand Weapons
 a - a +1 war axe of protection (weapon)
 i - a +0 war axe of freezing
 E - a +3 war axe
 J - a +4 battleaxe
 S - a +0 battleaxe
Missiles
 s - 34 poisoned darts
 u - 5 curare-tipped darts
 y - 2 atropa-tipped darts
 F - a throwing net (quivered)
 H - 3 boomerangs
Armour
 b - a +0 scale mail
 c - a +0 buckler (worn)
 l - the +3 pair of seven-league boots (worn) {Rampage+∞}
   (You found it on level 2 of the Dungeon)

   Its wearer moves as far as possible in that direction when moving towards
   enemies.
 r - a +1 helmet
 C - +0 acid dragon scales
 G - a +1 chain mail
 I - a scarf of invisibility (worn)
 N - a +2 chain mail of fire resistance (worn)
 O - a +0 plate armour
 Q - a +0 pair of gloves (worn)
Jewellery
 j - a +6 ring of intelligence
 k - an amulet of magic regeneration
 m - an amulet of guardian spirit (around neck)
 w - a +4 ring of evasion (left hand)
 R - a ring of resist corrosion (right hand)
Wands
 n - a wand of paralysis (2)
 o - a wand of mindburst (21)
 v - a wand of flame (28)
 x - a wand of charming (5)
 A - a wand of iceblast (14)
 B - a wand of acid (14)
Scrolls
 h - 4 scrolls of teleportation
 q - 2 scrolls of fear
 K - a scroll of amnesia
 M - a scroll of silence
Potions
 e - 3 potions of attraction
 f - 2 potions of brilliance
 p - 5 potions of magic
 t - 3 potions of curing
 z - 2 potions of haste
 L - a potion of resistance
 P - a potion of ambrosia {unknown}


   Skills:
 + Level 10.5 Fighting
 + Level 11.2 Axes
 + Level 11.1 Armour
 + Level 9.7 Shields
 + Level 6.7 Invocations
 + Level 5.0 Evocations


You had 10 spell levels left.
You didn't know any spells.
Your spell library contained the following spells:

 Spells                   Type           Power      Damage    Failure   Level
 Sandblast                Erth           0%         2d4       98%         1
 Blink                    Tloc           0%         N/A       99%         2
 Passwall                 Tmut/Erth      0%         N/A       99%         2
 Sublimation of Blood     Necr           0%         N/A       99%         2
 Call Canine Familiar     Summ           0%         N/A       100%        3
 Dazzling Flash           Conj/Hex       0%         N/A       100%        3
 Lesser Beckoning         Tloc           0%         N/A       100%        3
 Portal Projectile        Hex/Tloc       0%         N/A       100%        3
 Stone Arrow              Conj/Erth      0%         3d7       100%        3
 Airstrike                Air            0%         N/A       100%        4
 Iskenderun's Mystic Bla  Conj/Tloc      0%         2d3       100%        4
 Leda's Liquefaction      Hex/Erth       0%         N/A       100%        4
 Petrify                  Tmut/Erth      0%         N/A       100%        4
 Summon Lightning Spire   Summ/Air       0%         N/A       100%        4
 Irradiate                Conj/Tmut      0%         3d14      100%        5
 Lightning Bolt           Conj/Air       0%         1d11      100%        5
 Manifold Assault         Tloc           0%         N/A       100%        5
 Conjure Ball Lightning   Conj/Air       0%         3x3d6     100%        6
 Starburst                Conj/Fire      0%         6d3       100%        6
 Discord                  Hex            0%         N/A       100%        8
 Disjunction              Tloc           0%         N/A       100%        8


Dungeon Overview and Level Annotations

Branches:
Dungeon (10/15)            Temple (0/1) D:6            Lair (1/6) D:8
  Sewer (visited)
    Orc: D:9-12

Altars:
Cheibriados
Dithmenos
Elyvilon
Kikubaaqudgha
Makhleb
Ru
Sif Muna
Uskayaw
Wu Jian
Beogh

Shops:
D:7 ?(::


Innate Abilities, Weirdness & Mutations

You have a pair of small antennae on your head.
Your body sometimes deteriorates upon taking damage.


Message History

The stone giant is moderately wounded.
You block the stone giant's attack.
You hit the stone giant but do no damage.
The stone giant is lightly wounded.
A kobold brigand comes into view.
It is wielding a +0 whip, quivering poisoned darts and carrying a wand of iceblast (4).
The stone giant hits you!
The kobold brigand shouts!
The stone giant hits you!
You climb upwards.
There is a stone staircase leading down here.
You slash the stone giant!
The stone giant is moderately wounded.
The stone giant hits you but does no damage.
You hit the stone giant but do no damage.
The stone giant is moderately wounded.
The stone giant hits you!!
You slash the stone giant!
The stone giant is heavily wounded.
The stone giant barely misses you.
You hit the stone giant.
The stone giant is heavily wounded.
You block the stone giant's attack.
You hit the stone giant but do no damage.
The stone giant is heavily wounded.
The stone giant hits you!!
Your body deteriorates!
You feel weakened.
You hit the stone giant but do no damage.
The stone giant is heavily wounded.
The stone giant hits you!!
Your body deteriorates!
You feel weakened.
Throw: 2 throwing nets
Press: ? - help, Q - select action, (/) - cycle Shift-Dir - straight line, f - stone giant
Aim: a stone giant, quivering large rocks (heavily wounded, 90% to hit, immune to nets)
You throw a throwing net. The throwing net hits the stone giant.
The stone giant is too large for the net to hold!
The stone giant is heavily wounded.
The stone giant hits you!!
* * * LOW HITPOINT WARNING * * *
The stone giant throws a large rock.
The large rock hits you!!!
You die...

#≈≈≈≈≈≈≈♣≈≈≈≈≈≈≈≈≈≈≈≈
##########≈♣P≈≈≈≈P≈≈≈≈≈≈≈≈≈≈P
#.........[.≈≈♣≈≈≈≈≈P≈≈≈≈≈≈≈≈
#..≈♣P.......≈♣≈♣♣♣≈♣≈P≈ ≈≈≈♣
#..♣≈≈..)[...##≈P≈≈≈♣≈≈♣♣♣≈≈≈
#..≈♣≈P............♣♣♣≈♣≈≈≈♣#
##.P..........#........##..##
###.........########........
####.....@## ##.#..#..
#......>########.......
###...C.....##...#.##..
##########...#..#...........# #
##.....##.<..)##........#.....
####.............................
...................#..##...#.....
.##....)...........#.####........
.....................# ##.......


You could see a stone giant.

Vanquished Creatures
  A boulder beetle (D:9)
  A centaur warrior (D:10)
  A two-headed ogre (D:10)
  An ugly thing (D:10)
  2 manticores (D:10)
  Joseph (D:7)
  A kobold demonologist (D:10)
  Psyche (D:9)
  A troll (D:5)
  A slime creature (D:10)
  Sigmund (D:6)
  A wraith (D:10)
  5 yaks
  The ghost of Icepheonix32 the Sneak, an amateur DsDe (D:6)
  An acid dragon (D:10)
  4 water moccasins
  Duvessa (D:7)
  A hornet zombie (D:7)
  A black bear (D:7)
  2 orc warriors
  A sky beast (D:5)
  An ice beast (D:5)
  A necrophage (D:4)
  4 ogres
  2 centaurs
  A phantom (D:4)
  Blork the orc (D:6)
  10 kobold brigands
  A wyvern zombie (D:6)
  3 scorpions
  2 water moccasin zombies
  2 water moccasin skeletons
  Dowan (D:7)
  7 killer bees
  13 wights
  3 howler monkeys
  3 electric eels (D:9)
  6 orc priests
  A gnoll shaman (D:7)
  2 bullfrog skeletons (D:4)
  3 hounds
  Ijyb (D:5)
  5 iguanas
  8 orc wizards
  A scorpion zombie (D:5)
  Natasha (thrice) (D:4)
  2 killer bee zombies (D:8)
  A howler monkey skeleton (D:6)
  5 gnolls
  10 adders
  3 river rats (Sewer)
  3 shadow imps
  A white imp (D:6)
  3 ufetubi
  A worm (Sewer)
  4 dart slugs
  35 orcs
  9 bats
  8 endoplasms
  5 goblins
  5 hobgoblins
  7 jackals
  19 kobolds
  6 quokkas
  15 ball pythons
  A frilled lizard (D:2)
  15 rats
273 creatures vanquished.

Vanquished Creatures (others)
  56 fungi (D:9)
  36 plants
92 creatures vanquished.

Grand Total: 365 creatures vanquished

Notes
Turn   | Place    | Note
-------+----------+-------------------------------------------
     0 | D:1      | adizb the Hill Orc Fighter began the quest for the Orb.
     0 | D:1      | Reached XP level 1. HP: 19/19 MP: 1/1
   161 | D:1      | Reached XP level 2. HP: 10/27 MP: 2/2
   595 | D:2      | Reached XP level 3. HP: 31/33 MP: 3/3
   644 | D:2      | Found the +3 pair of seven-league boots {Rampage+∞}
   712 | D:2      | Found an ancient bone altar of Kikubaaqudgha.
   926 | D:2      | Reached XP level 4. HP: 35/40 MP: 4/4
  1314 | D:3      | Found a white marble altar of Elyvilon.
  1353 | D:3      | Reached XP level 5. HP: 47/47 MP: 5/5
  1526 | D:3      | Found an ornate altar of the Wu Jian Council.
  1744 | D:3      | Found a glowing drain.
  1760 | Sewer    | Entered a sewer
  1889 | Sewer    | Noticed a kobold brigand
  1906 | Sewer    | Killed a kobold brigand
  1907 | Sewer    | Reached XP level 6. HP: 41/55 MP: 6/6
  1972 | Sewer    | Reached skill level 5 in Fighting
  2080 | Sewer    | Reached skill level 5 in Axes
  2080 | Sewer    | Reached skill level 5 in Armour
  2080 | Sewer    | Reached skill level 5 in Shields
  2153 | Sewer    | Reached XP level 7. HP: 20/61 MP: 4/7
  2608 | D:4      | Found a burning altar of Makhleb.
  2609 | D:4      | Found an ancient bone altar of Kikubaaqudgha.
  2611 | D:4      | Found a snail-covered altar of Cheibriados.
  2682 | D:4      | Reached XP level 8. HP: 70/70 MP: 8/8
  2779 | D:4      | Noticed Natasha
  2785 | D:4      | Killed Natasha
  3372 | D:5      | Entered Level 5 of the Dungeon
  3481 | D:5      | Noticed a troll
  3489 | D:5      | Killed a troll
  3519 | D:5      | Reached XP level 9. HP: 42/79 MP: 7/9
  3664 | D:5      | Noticed Ijyb
  3683 | D:5      | Killed Ijyb
  4083 | D:4      | Noticed Natasha
  4088 | D:4      | Killed Natasha
  4135 | D:4      | Noticed Natasha
  4140 | D:4      | Killed Natasha
  4623 | D:6      | Found a staircase to the Ecumenical Temple.
  4673 | D:6      | Noticed Blork the orc
  4680 | D:6      | Killed Blork the orc
  4717 | D:6      | Found a runed translucent gate.
  4717 | D:6      | Noticed Icepheonix32's ghost (amateur DsDe)
  4718 | D:6      | Found a runed translucent gate.
  4719 | D:6      | Found a roughly hewn altar of Beogh.
  4719 | D:6      | Found a runed translucent gate.
  4793 | D:6      | Killed Icepheonix32's ghost
  4841 | D:6      | Became a worshipper of Beogh the Brigand
  4911 | D:6      | Noticed Sigmund
  4930 | D:6      | Killed Sigmund
  4931 | D:6      | Reached skill level 1 in Invocations
  4975 | D:6      | Reached skill level 1 in Evocations
  5264 | D:7      | Found Juajanko's Book Shoppe.
  5283 | D:7      | Reached XP level 10. HP: 89/90 MP: 9/11
  5288 | D:7      | Reached * piety under Beogh
  5305 | D:7      | Noticed Duvessa
  5308 | D:7      | Noticed Dowan
  5318 | D:7      | Killed Duvessa
  5320 | D:7      | Killed Dowan
  5323 | D:7      | Found a hide-covered altar of Uskayaw.
  5473 | D:7      | Found Ivuora's Book Shoppe.
  5495 | D:7      | Found Siquxt's Antique Weapon Boutique.
  5571 | D:7      | Noticed Joseph
  5583 | D:7      | Killed Joseph
  5697 | D:7      | Found Ymyusm's Magic Scroll Boutique.
  5705 | D:7      | Bought a scroll of identify for 26 gold pieces
  5705 | D:7      | Bought a scroll of identify for 26 gold pieces
  5705 | D:7      | Bought a scroll of identify for 26 gold pieces
  5708 | D:7      | Bought a scroll of identify for 26 gold pieces
  5712 | D:7      | Bought a scroll of brand weapon for 260 gold pieces
  6503 | D:8      | Found a staircase to the Lair.
  6570 | Lair:1   | Entered Level 1 of the Lair of Beasts
  6643 | Lair:1   | Noticed a four-headed hydra
  6694 | D:9      | Noticed a boulder beetle
  6694 | D:9      | Found a sacrificial altar of Ru.
  6899 | D:9      | Reached ** piety under Beogh
  7033 | D:9      | Gained mutation: Your body sometimes deteriorates upon
                  | taking damage. [potion of mutation]
  7033 | D:9      | Gained mutation: You have a pair of small antennae on your
                  | head. [potion of mutation]
  7325 | D:9      | Noticed Psyche
  7333 | D:9      | Killed Psyche
  7334 | D:9      | Reached skill level 10 in Axes
  7834 | D:9      | Killed a boulder beetle
  7835 | D:9      | Reached skill level 5 in Invocations
  7920 | D:9      | Found a shadowy altar of Dithmenos.
  7992 | D:10     | Entered Level 10 of the Dungeon
  8077 | D:10     | Found a shimmering blue altar of Sif Muna.
  8092 | D:10     | Noticed a two-headed ogre
  8105 | D:10     | Killed a two-headed ogre
  8106 | D:10     | Reached skill level 10 in Armour
  8106 | D:10     | Reached XP level 11. HP: 63/99 MP: 9/15
  8223 | D:10     | Reached skill level 10 in Fighting
  8373 | D:10     | Noticed a centaur warrior
  8393 | D:10     | Killed a centaur warrior
  8592 | D:10     | Reached *** piety under Beogh
  8823 | D:10     | Noticed a fire dragon
  8864 | D:10     | Noticed a manticore
  9082 | D:10     | Noticed a red ugly thing
  9084 | D:10     | Killed a manticore
  9089 | D:10     | Noticed a manticore
  9103 | D:10     | Killed a red ugly thing
  9107 | D:10     | Killed a manticore
  9108 | D:10     | Reached skill level 5 in Evocations
  9210 | D:10     | Noticed a stone giant
  9228 | D:10     | Noticed a manticore
  9230 | D:10     | HP: 5/101 [stone giant (7)]
  9255 | D:10     | Noticed an ogre mage
  9634 | D:9      | Hit by a large rock thrown by a stone giant

Illustrated notes

Levels and vault maps discovered:
D:1:      sevenhm_arrival_forest_fort_large_2, layout_rooms,
          minmay_misc_feat_tiny, serial_bayou_pond_b, minmay_misc_feat_enclosed
D:2:      layout_basic, basic_altar, cheibrodos_gnoll_hut
D:3:      layout_loops_ring, nicolae_elyvilon_temple_path,
          mainiacjoe_overflow_concentric_impassable, portal_sewer_entry_b,
          minmay_diced_spiral
D:4:      layout_cave_pods, minitemple, minivault_5,
          minmay_fractal_squares_diagonal_5, uniq_natasha
D:5:      layout_basic, hangedman_abyss_or_decor_passed, columned_hall_lemuel,
          minmay_misc_feat_diagonals, hangedman_decor_points,
          uniq_crazy_yiuf_cottage, uniq_ijyb
D:6:      layout_basic, minmay_temple_entry_hall, biasface_ghost_orc_armoury,
          uniq_blork_the_orc, uniq_sigmund
D:7:      layout_loops_ring, nicolae_uskayaw_dance_hall, serial_shops,
          nicolae_shop_behind_doors, shop_scrolls, kennysheep_little_box,
          nicolae_stop_n_shop_1, uniq_joseph, uniq_duvessa
D:8:      layout_basic, dpeg_oklobed_lair
D:9:      layout_rooms, mainiacjoe_overflow_catch_the_wave, serial_bayou,
          serial_bayou_pond_d, serial_bayou_pond_d, serial_bayou_lake_a,
          serial_bayou_pond_a, serial_bayou_ford_a, uniq_psyche
D:10:     nicolae_hexawheel, layout_irregular_city,
          nicolae_sif_muna_little_library, st_stairs_4
Lair:1:   layout_loops_ring, grunt_megastairs_4, uniq_harold

Skill      XL: |  1  2  3  4  5  6  7  8  9 10 11 |
---------------+----------------------------------+-----
Axes           | 3 4 5 6 7 9 10 11 | 11.2
Fighting       | 4 5 6 7 8 9 10 | 10.5
Armour         | 4 5 6 8 10 11 | 11.1
Shields        | 4 5 6 8 9 |  9.7
Invocations    | 2 5 6 |  6.7
Evocations     | 1 4 5 |  5.0

Action                   |  1- 3 |  4- 6 |  7- 9 | 10-12 || total
-------------------------+-------+-------+-------+-------++-------
Melee: War axe           |    87 |   128 |   318 |   436 ||   969
Throw: Dart              |       |     5 |    22 |    19 ||    46
       Throwing net      |       |       |       |     2 ||     2
Invok: Smiting           |       |       |       |     4 ||     4
  Use: Scroll            |       |     4 |     7 |    13 ||    24
       Potion            |       |     2 |       |     6 ||     8
Armor: Scale mail        |    46 |    47 |    94 |       ||   187
       Chain mail        |       |       |    17 |   254 ||   271
Dodge: Dodged            |    33 |    54 |   160 |   238 ||   485
Block: Buckler           |    22 |    28 |    56 |   107 ||   213
